 Dungeon Crawl Stone Soup version 0.19-a0-1498-g0b85ae9 (webtiles) character file.

63 Roymustang the Sneak (level 4, 0/29 HPs)
             Began as an Octopode Assassin on Sept 11, 2016.
             Slain by a goblin
             ... wielding a cursed -2 club
              (2 damage)
             ... on level 2 of the Dungeon.
             The game lasted 00:12:13 (2502 turns).

Roymustang the Sneak (Octopode Assassin)            Turns: 2502, Time: 00:12:13

Health: 0/29       AC:  1    Str: 10    XL:     4   Next: 10%
Magic:  4/4        EV: 13    Int: 13    God:
Gold:   97         SH:  0    Dex: 14    Spells: 0 memorised, 3 levels left

rFire  . . .     SeeInvis .     l - wand of enslavement (13/24)
rCold  . . .     Gourm    .     (no shield)
rNeg   . . .     Faith    .     (helmet restricted)
rPois  .         Spirit   .     (no amulet)
rElec  .         Dismiss  .     (no ring)
rCorr  .         Reflect  .     (no ring)
MR     .....     Harm     .     (no ring)
Stlth  +++++.....               (no ring)
                                (no ring)
                                (no ring)
                                (no ring)
                                (no ring)

@: no status effects
A: almost no armour, stealthy swim, amphibious, 8 rings, constrict 8, camouflage
1, gelatinous body 1
a: no special abilities


You were on level 2 of the Dungeon.
You were hungry.

You visited 1 branch of the dungeon, and saw 2 of its levels.

You collected 97 gold pieces.

Inventory:

Hand Weapons
 a - a +2 dagger
 b - a +0 blowgun
Missiles
 c - 8 poisoned needles
 d - 2 curare-tipped needles
Wands
 l - a wand of enslavement (13/24) (in tentacle)
Scrolls
 e - 3 scrolls of identify {unknown}
 h - 4 scrolls of enchant armour {unknown}
 j - a scroll of recharging {unknown}
 k - a scroll of noise {unknown}
 n - a scroll of amnesia {unknown}
 p - a scroll of enchant weapon {unknown}
 q - a scroll of immolation {unknown}
Potions
 g - a potion of brilliance {unknown}
 i - a potion of berserk rage {unknown}
Comestibles
 f - a meat ration
 m - a slice of pizza
 o - a bread ration
 r - a beef jerky


   Skills:
 + Level 2.1 Fighting
 + Level 2.4 Short Blades
 + Level 2.2 Throwing
 * Level 2.2 Dodging
 + Level 6.3 Stealth


You had 3 spell levels left.
You didn't know any spells.

Dungeon Overview and Level Annotations

Branches:
Dungeon (2/15)

Altars:
Kikubaaqudgha


Innate Abilities, Weirdness & Mutations

You cannot wear most types of armour.
You are very stealthy in the water.
You are amphibious.
You can wear up to eight rings at the same time.
You can use your tentacles to constrict eight enemies at once.
Your skin changes colour to match your surroundings (Stealth+).
Your rubbery body absorbs attacks. (AC +1, EV +1)


Message History

The goblin hits you but does no damage. The goblin barely misses you.
The goblin closely misses you.
You are feeling hungry.
The goblin closely misses you. The goblin barely misses you.
The goblin hits you but does no damage. The goblin hits you with a club.
* * * LOW HITPOINT WARNING * * *
The goblin barely misses you. The goblin hits you with a club.
* * * LOW HITPOINT WARNING * * *
The goblin hits you but does no damage. The goblin closely misses you.
The goblin closely misses you. The goblin barely misses you.
The goblin hits you but does no damage. The goblin closely misses you.
The goblin hits you with a club.
You die...

#.........##########.#####
#######........................##
#..............)#########.####.#.
#............#.## #...####.#.
#..#####.......## #.#.#......
#..#..K#........## ####...P..#.##
#..#?$%#..#####..###PP...###.#.#
#..#)..#..# ##g##....P.#.#...#
#..#####..# #@....PP....#.###
#.........# ##..P..#....#.###
#.........# #....##.._.#...#
#.######### #....P#....#...## #.#
###...P....#.##.# #.#
#....P.#.#.#.## #.#
##.....###...# #.# ####..P.....##
#.# #######....


You could see a goblin.

Vanquished Creatures
  An adder (D:2)
  An adder zombie (D:1)
  A giant gecko (D:1)
  2 bats (D:1)
  A bat zombie (D:1)
  5 giant cockroaches (D:1)
  6 hobgoblins
  7 jackals
  A ball python (D:1)
  A giant newt (D:1)
  6 goblins
  8 kobolds
  4 rats (D:1)
  2 withered plants (D:2)
46 creatures vanquished.

Notes
Turn   | Place    | Note
-------+----------+-------------------------------------------
     0 | D:1      | Roymustang the Octopode Assassin began the quest for the Orb.
     0 | D:1      | Reached XP level 1. HP: 14/14 MP: 1/1
   533 | D:1      | Reached XP level 2. HP: 19/19 MP: 2/2
   923 | D:1      | Reached XP level 3. HP: 24/24 MP: 3/3
   990 | D:1      | Reached skill level 6 in Stealth
  1438 | D:2      | Found an ancient bone altar of Kikubaaqudgha.
  1782 | D:2      | Reached XP level 4. HP: 28/29 MP: 4/4
  2495 | D:2      | HP: 1/29 [goblin/club (4)]
  2502 | D:2      | Slain by a goblin

Vault maps used:
D:1:      saegor_arrival_fortress
D:2:      kiku_gazebo_garden_becter, first_bread, due_unseen_surprise

Skill      XL: |  1  2  3 |
---------------+----------+-----
Stealth        | 6 |  6.3
Dodging        | 2 |  2.2
Fighting       | |  2.1
Short Blades   | |  2.4
Throwing       | |  2.2

Action                   |  1- 3 |  4- 6 || total
-------------------------+-------+-------++-------
Melee: Dagger            |   121 |     4 ||   125
       Constrict         |    24 |     2 ||    26
       Tentacles         |    25 |       ||    25
       Blowgun           |     1 |       ||     1
 Fire: Blowgun           |     6 |       ||     6
 Stab: Sleeping          |    12 |       ||    12
       Distracted        |     1 |       ||     1
  Eat: Bread ration      |     1 |       ||     1
Armor: Skin              |     7 |     1 ||     8
Dodge: Dodged            |    33 |    25 ||    58
